Map: Ruins of Seras

Players

EnDerr

  • Race: Zerg Zerg
  • League: Master

Nerchio - Winner!

  • Race: Zerg Zerg
  • League: Diamond

Event: ASL Season 5 Prime League LOTV Beta

VOD

Have the link to the VOD?

Description

Time

  • Played on: Sept. 9, 2015, 10:15 p.m.
  • Length: 10:01

All games in this series

Show
View Real Time Build Order
Export as new Build Order

EnDerr Zerg 

Build Orders: Pool First 

Get SALT Encoding   

  12  0:14  Extractor  
  12  0:20  Spawning Pool  
  10  0:25  Drone  
  11  0:31  Drone  
  11  0:35  Drone  
  13  0:48  Overlord  
  13  1:07  Queen  
  15  1:11  Zergling x2  
  16  1:19  Metabolic Boost  
  16  1:25  Drone  
  17  1:30  Drone  
  18  1:33  Drone  
  18  1:38  Drone  
  20  1:49  Drone  
  21  2:02  Hatchery  
  20  2:09  Overlord  
  20  2:19  Drone x2  
  21  2:26  Roach Warren  
  21  2:27  Drone  
  21  2:34  Zergling x4  
  23  2:41  Drone  
  24  2:47  Drone x2  
  26  2:55  Queen  
  28  3:02  Overlord  
  28  3:07  Drone  
  29  3:18  Drone x4  
  33  3:25  Drone x2  
  35  3:36  Roach  
  35  3:37  Roach x2  
  41  3:41  Roach  
  41  3:47  Overlord  
  42  3:49  Overlord  
  42  4:03  Zergling x2  
  42  4:06  Zergling x2  
  42  4:09  Zergling x2  
  43  4:13  Zergling x4  
  43  4:17  Roach x3  
  43  4:22  Drone  
  43  4:23  Drone x3  
  45  4:29  Drone  
  44  4:34  Drone  
  44  4:35  Drone  
  44  4:37  Roach  
  46  4:44  Drone x2  
  46  4:48  Drone  
  46  4:50  Drone  
  48  4:55  Drone x2  
  48  4:59  Drone  
  51  5:09  Evolution Chamber  
  51  5:12  Lair  
  51  5:13  Drone  
  51  5:16  Extractor  
  51  5:17  Drone x2  
  52  5:25  Overlord  
  52  5:34  Overlord  
  52  5:41  Zerg Missile Weapons Level 1  
  52  5:43  Extractor  
  52  5:47  Drone x7  
  58  5:54  Drone x4  
  60  6:10  Roach x4  
  60  6:11  Glial Reconstitution  
  66  6:12  Roach  
  66  6:15  Overlord  
  68  6:19  Overlord  
  68  6:32  Overlord  
  68  6:34  Roach x4  
  68  6:39  Roach x2  
  80  6:41  Roach  
  80  6:45  Roach  
  84  6:55  Roach  
  84  6:56  Roach  
  84  6:58  Roach  
  90  7:01  Roach  
  90  7:03  Hatchery  
  91  7:20  Overlord x2  
  91  7:22  Overlord  
  91  7:40  Roach  
  91  7:41  Roach x6  
  91  7:42  Queen  
  107  7:44  Zerg Missile Weapons Level 2  
  107  7:47  Roach x4  
  107  7:51  Drone  
  110  8:02  Roach  
  110  8:03  Roach  
  114  8:10  Roach  
  116  8:15  Roach x2  
  116  8:17  Roach  
  122  8:33  Roach x2  
  122  8:34  Overlord  
  122  8:35  Overlord x3  
  116  8:41  Overlord  
  116  8:43  Roach x2  
  118  8:50  Roach x4  
  118  8:54  Roach  
  122  8:58  Roach  
  122  9:01  Roach  
  122  9:02  Roach x5  
  120  9:07  Roach x2  
  118  9:13  Roach  
  118  9:15  Roach  
  122  9:18  Roach  
  122  9:20  Roach  
  126  9:24  Roach  
  126  9:25  Roach  
  128  9:33  Roach  
  128  9:35  Roach x2  
  128  9:38  Roach  
  128  9:39  Roach  
  128  9:42  Roach  
Show
View Real Time Build Order
Export as new Build Order

Nerchio Zerg - Winner!

Build Orders: Hatch First, Zergling Baneling 

Get SALT Encoding   

  12  0:02  Drone  
  13  0:12  Overlord  
  13  0:17  Drone  
  14  0:31  Drone x2  
  14  0:34  Drone  
  17  0:53  Hatchery  
  17  0:55  Drone  
  17  0:59  Extractor  
  17  1:01  Drone  
  17  1:15  Spawning Pool  
  17  1:18  Drone  
  17  1:21  Drone  
  18  1:32  Drone  
  19  1:38  Overlord  
  19  2:01  Metabolic Boost  
  19  2:02  Zergling x2, Queen  
  19  2:03  Zergling x2  
  19  2:06  Spine Crawler  
  19  2:08  Zergling x2  
  23  2:19  Queen  
  25  2:23  Drone  
  25  2:25  Drone  
  27  2:32  Drone x2  
  27  2:35  Drone  
  30  2:47  Baneling Nest  
  29  2:51  Queen  
  29  2:57  Drone x2  
  33  3:03  Overlord  
  33  3:05  Zergling x2  
  34  3:09  Zergling x2  
  34  3:11  Zergling x2  
  36  3:17  Overlord  
  36  3:25  Zergling x6  
  36  3:26  Zergling x2  
  40  3:34  Zergling x6  
  40  3:39  Zergling x4  
  45  3:46  Baneling x5  
  45  3:49  Zergling x2  
  45  3:50  Zergling x2  
  45  3:54  Zergling x2  
  48  3:58  Zergling x4  
  50  4:03  Baneling x3  
  45  4:18  Drone  
  45  4:19  Drone x5  
  47  4:26  Roach Warren  
  43  4:31  Drone x3  
  43  4:34  Drone  
  43  4:38  Drone  
  45  4:51  Drone x2  
  45  4:53  Extractor  
  45  4:58  Overlord  
  44  5:02  Drone x2  
  46  5:10  Drone, Roach  
  46  5:11  Roach  
  46  5:13  Extractor  
  50  5:19  Roach x3  
  50  5:20  Roach  
  58  5:25  Overlord  
  58  5:28  Hatchery  
  57  5:43  Drone x3  
  57  5:44  Drone x5  
  57  5:47  Drone  
  57  5:49  Lair  
  66  5:53  Drone x2  
  66  5:55  Evolution Chamber, Overlord  
  64  6:04  Overlord  
  64  6:06  Drone  
  64  6:07  Drone x3  
  68  6:12  Overlord x2  
  68  6:20  Zerg Missile Weapons Level 1  
  68  6:21  Roach  
  68  6:22  Roach  
  68  6:24  Roach  
  74  6:26  Roach  
  74  6:28  Roach  
  78  6:33  Roach  
  78  6:34  Roach  
  78  6:39  Roach x2  
  86  6:41  Roach  
  88  6:48  Overlord, Overseer  
  88  6:49  Glial Reconstitution  
  88  6:51  Roach  
  88  6:53  Roach  
  92  6:55  Roach  
  92  6:57  Roach  
  92  7:00  Roach  
  92  7:01  Roach  
  100  7:03  Roach  
  100  7:05  Overlord  
  102  7:08  Overlord  
  102  7:13  Roach x2  
  108  7:15  Roach  
  108  7:16  Roach  
  108  7:18  Overlord  
  108  7:21  Roach  
  108  7:22  Roach  
  114  7:27  Roach x2  
  114  7:28  Roach  
  120  7:30  Roach  
  120  7:32  Roach  
  120  7:34  Roach  
  126  7:38  Roach  
  126  7:39  Roach  
  126  7:42  Roach  
  132  7:45  Roach  
  132  7:48  Roach  
  132  7:50  Extractor  
  135  7:58  Roach x3  
  135  8:01  Roach  
  137  8:06  Overlord  
  137  8:18  Overlord  
  137  8:25  Roach  
  137  8:26  Roach x3  
  137  8:36  Overlord x3  
  137  8:40  Overlord  
  135  8:49  Roach  
  135  8:50  Roach x4  
  135  8:53  Queen  
  135  8:55  Roach x7  
  159  8:56  Roach x2  
  159  9:05  Roach x2  
  159  9:06  Roach  
  165  9:10  Roach  
  165  9:11  Roach  
  165  9:16  Roach  
  171  9:19  Roach  
  171  9:21  Overlord x3  
  171  9:23  Roach  
  175  9:24  Roach  
  175  9:29  Overlord x2  
  175  9:36  Roach  
  175  9:39  Roach  
  175  9:40  Roach x3  
Tags
 
Add a new tag
Caveats
  • Supply blocks, unpowered buildings, or Contaminate may cause inaccurate times.
  • Supply counts are checked every 10 seconds.